 Dungeon Crawl Stone Soup version 0.28.0-43-g3370ac3207 (webtiles) character file.

Game seed: 2852989202797451320

271 cbfl8 the Sneak (level 6, 0/53 HPs)
             Began as a Minotaur Delver on Mar 1, 2022.
             Slain by Crazy Yiuf
             ... wielding a +2 quarterstaff of chaos
              (9 damage)
             ... on level 2 of the Dungeon.
             The game lasted 00:05:08 (3326 turns).

cbfl8 the Sneak (Minotaur Delver)                   Turns: 3326, Time: 00:05:12

Health: 0/53       AC:  5    Str: 19    XL:     6   Next: 2%
Magic:  5/5        EV: 11    Int:  7    God:
Gold:   105        SH:  0    Dex: 11    Spells: 5/5 levels left

rFire   . . .      SeeInvis .   h - +0 long sword
rCold   . . .      Faith    .   (no shield)
rNeg    . . .      Spirit   .   l - +0 ring mail
rPois   .          Reflect  .   (helmet restricted)
rElec   .          Harm     .   (no cloak)
rCorr   .          Rampage  .   (no gloves)
Will    .....                   (no boots)
Stlth   ++........              (no amulet)
HPRegen 0.17/turn               (no ring)
MPRegen 0.09/turn               (no ring)

@: lethally poisoned (0 -> -11)
A: horns 2, retaliatory headbutt
a: no special abilities


You were on level 2 of the Dungeon.
You visited 1 branch of the dungeon, and saw 5 of its levels.

You collected 105 gold pieces.

Inventory:

Hand Weapons
 a - a +0 hand axe
 h - a +0 long sword (weapon)
Armour
 b - a +0 leather armour
 l - a +0 ring mail (worn)
 o - a +2 helmet
Wands
 g - a wand of digging (5)
Scrolls
 c - 2 scrolls of fog
 d - 3 scrolls of magic mapping
 e - a scroll of fear
 f - 2 scrolls of amnesia {unknown}
 j - a scroll of silence {unknown}
 k - a scroll of vulnerability {unknown}
 m - a scroll of teleportation {unknown}
 n - a scroll of brand weapon {unknown}
 p - a scroll of enchant armour {unknown}
Potions
 i - 2 potions of heal wounds {unknown}


   Skills:
 + Level 4.4 Fighting
 + Level 3.0 Long Blades
 + Level 2.7 Axes
 + Level 2.9 Armour
 + Level 2.9 Dodging
 + Level 5.2 Stealth


You had 5 spell levels left.
You didn't know any spells.
Your spell library contained the following spells:

 Spells                   Type           Power      Damage    Failure   Level
 Blink                    Tloc           0%         N/A       75%         2
 Manifold Assault         Tloc           0%         N/A       100%        5
 Storm Form               Tmut/Air       0%         N/A       100%        7


Dungeon Overview and Level Annotations

Branches:
Dungeon (5/15)
 Temple: D:4-7

Altars:
Dithmenos

Shops:
D:3 [

Annotations:
D:2 Crazy Yiuf


Innate Abilities, Weirdness & Mutations

You have a pair of horns on your head.
You reflexively headbutt those who attack you in melee.


Message History

Sigmund closely misses you.
You barely miss Sigmund.
Sigmund is heavily wounded.
Sigmund closely misses you.
You closely miss Sigmund. You headbutt Sigmund.
Sigmund is severely wounded.
Sigmund closely misses you.
You slash Sigmund!
You kill Sigmund!
Your Long Blades skill gained 2 levels and is now at level 3!
Your Armour skill increases to level 2!
You have reached level 5!
You have reached level 6!
Things that are here:
a +0 scythe; a +0 robe; the human corpse of Sigmund You start resting.
HP restored.
You start waiting.
Done waiting.
You see here a +0 club.
There is a stone staircase leading up here.
There is a stone staircase leading up here.
You see here a +0 mace.
Could not explore, unopened runed door.
You open the door.
There is an open translucent door here.
Crazy Yiuf shouts!
Crazy Yiuf hits you with a +2 quarterstaff of chaos.
Crazy Yiuf freezes you.
You barely miss Crazy Yiuf.
Crazy Yiuf hits you with a +2 quarterstaff of chaos!
You are poisoned.
You hit Crazy Yiuf. You headbutt Crazy Yiuf.
Crazy Yiuf is heavily wounded.
You feel very sick.
Crazy Yiuf hits you with a +2 quarterstaff of chaos.
You are electrocuted!!
* * * LOW HITPOINT WARNING * * *
Crazy Yiuf hits you with a +2 quarterstaff of chaos!
You die...

♣♣...♣ ♣♣.♣♣
♣♣.♣ ♣.♣♣
♣♣.♣ ♣.♣♣
##'## ###
#...# #.#
#g@.# #.#
#)..# #.#
##### #####
#.# ....#
#.#
###.######.#
#.......^#
#..#######
#....#
#######


You could see Crazy Yiuf.

Vanquished Creatures
  Sigmund (D:2)
  A scorpion zombie (D:4)
  4 adders
  A worm (D:2)
  3 dart slugs (D:1)
  4 bats
  4 endoplasms
  A giant cockroach (D:1)
  5 goblins
  5 hobgoblins
  4 jackals (D:1)
  2 kobolds
  A quokka (D:2)
  5 ball pythons
  A frilled lizard (D:1)
  2 rats
44 creatures vanquished.

Vanquished Creatures (others)
  A fungus (D:2)
1 creature vanquished.

Grand Total: 45 creatures vanquished

Notes
Turn   | Place    | Note
-------+----------+-------------------------------------------
     0 | D:5      | cbfl8 the Minotaur Delver began the quest for the Orb.
     0 | D:5      | Reached XP level 1. HP: 19/19 MP: 0/0
     6 | D:5      | Noticed a phantom
    23 | D:4      | Noticed a hound
    37 | D:4      | Reached XP level 2. HP: 14/27 MP: 1/1
   122 | D:4      | Noticed a centaur
   296 | D:3      | Found Fetuash's Antique Armour Boutique.
   353 | D:2      | Reached XP level 3. HP: 33/33 MP: 2/2
   574 | D:1      | Reached skill level 5 in Stealth
  1066 | D:1      | Reached XP level 4. HP: 40/40 MP: 3/3
  1421 | D:1      | Reached skill level 1 in Armour
  1657 | D:2      | Found a runed translucent door.
  1658 | D:2      | Noticed Crazy Yiuf
  1733 | D:2      | Noticed Sigmund
  1999 | D:3      | Reached skill level 1 in Long Blades
  2377 | D:2      | Found a shadowy altar of Dithmenos.
  2614 | D:2      | Found a faded altar of an unknown god.
  2869 | D:2      | Killed Sigmund
  2870 | D:2      | Reached XP level 5. HP: 35/47 MP: 4/4
  2870 | D:2      | Reached XP level 6. HP: 40/53 MP: 5/5
  3326 | D:2      | Slain by Crazy Yiuf

Illustrated notes

Levels and vault maps discovered:
D:1:      roderic_chinese_lattice_arrival, layout_loops_ring,
          chequers_serial_rivers_marsh
D:2:      layout_loops_ring, basic_altar, shapermc_ecumenical_altar_pompeii,
          minmay_tripent, uniq_sigmund, uniq_crazy_yiuf_cottage
D:3:      cheibrodos_greedy_goblins, layout_loops_corners, serial_shops,
          shop_fountains
D:4:      layout_basic
D:5:      layout_basic, serial_shops, shop_coins,
          minmay_misc_feat_secret_circle, corner_web_ring

Skill      XL: |  1  2  3  4 |
---------------+-------------+-----
Stealth        | 5 |  5.2
Fighting       | 4 |  4.4
Armour         | 2 |  2.9
Long Blades    | 3 |  3.0
Axes           | |  2.7
Dodging        | |  2.9

Action                   |  1- 3 |  4- 6 || total
-------------------------+-------+-------++-------
Melee: Hand axe          |    15 |       ||    15
       Headbutt          |     5 |     6 ||    11
       Long sword        |    24 |    51 ||    75
       Punch             |       |     2 ||     2
  Use: Potion            |     1 |       ||     1
 Stab: Sleeping          |     3 |     4 ||     7
Armor: Leather armour    |    16 |       ||    16
       Ring mail         |     2 |    15 ||    17
Dodge: Dodged            |    38 |    28 ||    66
